 Dungeon Crawl Stone Soup version 0.26-a0-812-g31a745ddcd (webtiles) character file.

Game seed: 7866274238924799841

5 MalarOregon the Ruffian (level 1, 0/16 HPs)
             Began as a Draconian Transmuter on Nov 29, 2020.
             Slain by a hobgoblin (2 damage)
             ... on level 1 of the Dungeon.
             The game lasted 00:00:26 (439 turns).

MalarOregon the Ruffian (Draconian Transmuter)       Turns: 439, Time: 00:00:26

Health: 0/16       AC:  4    Str: 12    XL:     1   Next: 66%
Magic:  2/3        EV: 12    Int: 13    God:
Gold:   58         SH:  0    Dex: 11    Spells: 3/4 levels left

rFire    . . .     SeeInvis .     - Unarmed
rCold    . . .     Faith    .   (no shield)
rNeg     . . .     Spirit   .   (armour unavailable)
rPois    .         Reflect  .   (helmet currently unavailable)
rElec    .         Harm     .   (no cloak)
rCorr    .         Rampage  .   (no gloves)
MR       .....                  (boots currently unavailable)
Stlth    +.........             (no amulet)
HPRegen  0.05/turn              (no ring)
MPRegen  0.08/turn              (no ring)

@: appendages (expiring)
A: unfitting armour, horns 2, talons 2, cold-blooded, AC +4
a: End Transformation


You were on level 1 of the Dungeon.
You had grown temporary horns.
You had grown temporary talons.
You visited 1 branch of the dungeon, and saw 1 of its levels.

You collected 58 gold pieces.

Inventory:

Scrolls
 b - 3 scrolls of magic mapping {unknown}
Potions
 a - a potion of lignification {unknown}
 c - a potion of magic {unknown}
 d - a potion of curing {unknown}


   Skills:
 + Level 1.2 Fighting
 + Level 1.9 Dodging
 + Level 3.0 Unarmed Combat
 + Level 2.0 Spellcasting
 * Level 2.1 Transmutations


You had 3 spell levels left.
You knew the following spells:

 Your Spells              Type           Power        Failure   Level
a - Beastly Appendage     Tmut           #.....       11%         1

Your spell library contained the following spells:

 Spells                   Type           Power        Failure   Level
 Wereblood                Tmut           #.......     16%         2
 Spider Form              Tmut/Pois      #.........   43%         3
 Ice Form                 Ice/Tmut       #.......     85%         4
 Blade Hands              Tmut           #.........   96%         5


Dungeon Overview and Level Annotations

Branches:
Dungeon (1/15)

Altars:


Innate Abilities, Weirdness & Mutations

Your plain brown scales are hard. (AC +4)
You cannot fit into any form of body armour.
You are cold-blooded and may be slowed by cold attacks.
You have a pair of horns on your head.
You have razor-sharp toenails.


Message History

A hobgoblin is nearby!
You grow a pair of large bovine horns.
Your feet morph into talons.
You barely miss the hobgoblin. The hobgoblin hits you with a +0 club.
You closely miss the hobgoblin. You claw the hobgoblin.
You headbutt the hobgoblin.
You kill the hobgoblin!
No target in view!
No target in view!
Your transformation is almost over.
Your horns disappear.
Your talons disappear.
Things that are here:
a +0 club; a hobgoblin corpse
Found 7 gold pieces.
You now have 44 gold pieces (gained 7).
Found 14 gold pieces.
Found a stone staircase leading down.
You now have 58 gold pieces (gained 14).
Found 22 stones.
A hobgoblin comes into view. It is wielding a +0 club.
There is a stone staircase leading down here.
A hobgoblin is nearby!
A hobgoblin is nearby!
The hobgoblin shouts!
A hobgoblin comes into view.
Found a club.
You grow a pair of large bovine horns.
Your feet morph into talons.
The hobgoblin shouts!
The hobgoblin hits you with a cursed +0 club.
You hit the hobgoblin. Your kick misses the hobgoblin.
The hobgoblin hits you with a cursed +0 club.
You closely miss the hobgoblin. Your kick misses the hobgoblin.
The hobgoblin hits you but does no damage.
The hobgoblin hits you with a cursed +0 club.
* * * LOW HITPOINT WARNING * * *
You barely miss the hobgoblin.
Your transformation is almost over.
The hobgoblin hits you.
* * * LOW HITPOINT WARNING * * *
You closely miss the hobgoblin. You claw the hobgoblin.
You kill the hobgoblin!
The hobgoblin hits you but does no damage.
Unknown command.
You closely miss the hobgoblin.
The hobgoblin hits you but does no damage.
You barely miss the hobgoblin. Your kick misses the hobgoblin.
The hobgoblin hits you.
* * * LOW HITPOINT WARNING * * *
You hit the hobgoblin. The hobgoblin barely misses you.
You closely miss the hobgoblin. The hobgoblin hits you.
You die...

#...... ..........#
#...... ..........#
#...... ...)......####
#...... ..........#..
.....#... ............
......... ..........#
.....#... .......)g.#
#####.## .......@..#####
#. # #.............. ..
# #........###### ######
........>.# #.....
(.........#########.....
........................
..........#########.....
..........# #.....
#........## #.....


You could see a hobgoblin.

Vanquished Creatures
  A bat (D:1)
  2 hobgoblins (D:1)
  A kobold (D:1)
4 creatures vanquished.

Notes
Turn   | Place    | Note
-------+----------+-------------------------------------------
     0 | D:1      | MalarOregon the Draconian Transmuter began the quest for
                  | the Orb.
     0 | D:1      | Reached XP level 1. HP: 16/16 MP: 3/3
   439 | D:1      | Slain by a hobgoblin

Illustrated notes

Levels and vault maps discovered:
D:1:      elethiomel_arrival_maze, layout_rooms

Action                   || total
-------------------------++-------
Melee: Unarmed           ||    19
       Kick              ||     2
       Headbutt          ||     1
       Tailslap          ||     1
 Cast: Beastly Appendage ||     2
Armor: Skin              ||     5
Dodge: Dodged            ||     7

Table legend: (Time is in decaauts)
 A = Elapsed time spent in this place.
 B = Non-inter-level travel time spent in this place.
 C = Inter-level travel time spent in this place.
 D = Time resting spent in this place.
 E = Time spent auto-exploring this place.
 F = Levels seen in this place.
 G = Mean time per level.
                   A        B        C        D        E       F      G
               +--------+--------+--------+--------+--------+-----+--------+
         Total |    438 |    438 |      0 |    145 |    247 |   1 |  438.0 |
       Dungeon |    438 |    438 |      0 |    145 |    247 |   1 |  438.0 |
               +--------+--------+--------+--------+--------+-----+--------+

Top non-repeatable levels by time:
     D:1: 438 daAuts
